 Dungeon Crawl Stone Soup version 0.30-a0-297-g0ec75d9ef4 (webtiles) character file.

Game seed: 6616573580243599351

85 Hubris850 the Firebug (level 4, 0/33 HPs)
             Began as a Draconian Fire Elementalist on Oct 19, 2022.
             Was an Initiate of Ashenzari.
             Killed from afar by Robin (13 damage)
             ... with a bolt of light
             ... on level 3 of the Dungeon.
             The game lasted 00:07:11 (2463 turns).

Hubris850 the Firebug (Draconian Fire Elementalist) Turns: 2463, Time: 00:07:12

Health: 0/33       AC:  6    Str: 10    XL:     4   Next: 25%
Magic:  4/7        EV: 12    Int: 17    God:    Ashenzari [......]
Gold:   147        SH:  5    Dex: 12    Spells: 2/8 levels left

rFire   + . .      SeeInvis .    c - +0 short sword "Distant Ennui" {Cun, Melee} (curse)
rCold   . . .      Faith    .    (no shield)
rNeg    . . .      Spirit   .    (body armour unavailable)
rPois   .          Reflect  +    (helmet restricted)
rElec   .          Harm     .    r - +0 cloak
rCorr   .          Rampage  .    (no gloves)
Will    .....                    (no boots)
Stlth   ++........               h - amulet of reflection
HPRegen 0.25/turn                l - ring of protection from fire
MPRegen 0.10/turn                (no ring)

@: no status effects
A: AC +5, unfitting armour, cold-blooded
a: Renounce Religion, Curse Item, Shatter the Chains


You were on level 3 of the Dungeon.
You worshipped Ashenzari.
Ashenzari was noncommittal.
You visited 1 branch of the dungeon, and saw 3 of its levels.

You collected 147 gold pieces.

Inventory:

Hand Weapons
 c - the cursed +0 short sword "Distant Ennui" (weapon) {Cun, Melee}
   (You took it off a kobold on level 1 of the Dungeon)

   It has a curse which improves the following skills: Cunning: Dodging and
   Stealth.
   Melee Combat: Short Blades, Long Blades, Axes, Maces & Flails, Polearms,
   Staves and Unarmed Combat.
 o - a +2 dagger of draining
 t - a +0 great sword
Missiles
 f - a throwing net
 m - 5 boomerangs
Armour
 r - a +0 cloak (worn)
Jewellery
 h - an amulet of reflection (around neck)
 l - a ring of protection from fire (left hand)
Scrolls
 b - a scroll of poison {unknown}
 e - 4 scrolls of identify {unknown}
 g - 2 scrolls of enchant weapon {unknown}
 j - 3 scrolls of teleportation {unknown}
 k - a scroll of amnesia {unknown}
 s - a scroll of magic mapping {unknown}
 u - a scroll of fear {unknown}
Potions
 a - 2 potions of magic
 d - a potion of heal wounds {unknown}
 i - 3 potions of flight {unknown}
 n - 2 potions of lignification {unknown}
 p - a potion of cancellation {unknown}
 q - a potion of attraction {unknown}


   Skills:
 - Level 1.0(1.2) Short Blades
 + Level 2.3(2.7) Dodging
 + Level 2.4(2.8) Stealth
 + Level 2.5 Spellcasting
 + Level 1.9 Conjurations
 + Level 3.4 Fire Magic


You had 2 spell levels left.
You knew the following spells:

 Your Spells              Type           Power      Damage    Failure   Level
a - Foxfire               Conj/Fire      44%        2x1d6     6%          1
b - Scorch                Fire           26%        2d6       7%          2
c - Kindle Blastsparks    Fire/Tloc/Air  12%        2d11      34%         3

Your spell library contained the following spells:

 Spells                   Type           Power      Damage    Failure   Level
 Inner Flame              Hex/Fire       8%         N/A       26%         3
 Flame Wave               Conj/Fire      11%        2d6       52%         4


Dungeon Overview and Level Annotations

Branches:
Dungeon (3/15)

Altars:
Ashenzari

Annotations:
D:3 Robin


Innate Abilities, Weirdness & Mutations

Your plain brown scales are hard. (AC +5)
You cannot fit into any form of body armour.
You are cold-blooded and may be slowed by cold attacks.


Message History

You hit the hobgoblin but do no damage.
Your tail-slap misses the hobgoblin.
The hobgoblin is almost dead.
The hobgoblin barely misses you.
You hit the hobgoblin but do no damage.
The hobgoblin is almost dead.
The hobgoblin hits you but does no damage.
You hit the hobgoblin.
You kill the hobgoblin!
You closely miss the goblin. The goblin hits you but does no damage.
You hit the goblin.
The goblin is moderately wounded.
Robin says, "Kneel, worm!"
Robin throws the goblin at you! The goblin misses you.
You miss the goblin.
The goblin is moderately wounded.
The goblin hits you but does no damage. You block the hobgoblin's attack.
You hit the goblin but do no damage.
The goblin is moderately wounded.
Robin roars a battlecry!
The goblins go into a battle-frenzy!
The goblin closely misses you. The hobgoblin closely misses you.
You closely miss the goblin.
The goblin is moderately wounded.
Robin roars a battlecry!
The goblin misses you. You block the hobgoblin's attack.
You hear a shout! x2
You hit the goblin. You tail-slap the goblin.
You kill the goblin!
You block the hobgoblin's attack.
You closely miss the hobgoblin.
The hobgoblin hits you but does no damage.
You aren't carrying any items that you can evoke.
You hit the hobgoblin.
The hobgoblin is moderately wounded.
You closely miss the hobgoblin.
The hobgoblin is moderately wounded.
Robin zaps a wand.
The bolt of light hits the hobgoblin!
The hobgoblin dies!
The bolt of light hits you!
You die...

#. #.......#
.. #.##.##.#
.. #....##.#
#..####.#
#..####.#
#.......#
##.###### ####
#)# ... #@#
###.#####)#
#..g.gg)gg#
.g...#.#######
#.. #. # ..
###


You could see Robin and a hobgoblin (strong).

Vanquished Creatures
  3 adders (D:2)
  A worm (D:2)
  2 dart slugs (D:3)
  An orc (D:3)
  5 endoplasms
  A giant cockroach (D:3)
  10 goblins
  5 hobgoblins
  A quokka (D:3)
  2 ball pythons
  5 bats
  4 frilled lizards
  4 kobolds
  3 rats
47 creatures vanquished.

Vanquished Creatures (others)
  A hobgoblin (D:3)
  63 foxfires
64 creatures vanquished.

Grand Total: 111 creatures vanquished

Notes
Turn   | Place    | Note
-------+----------+-------------------------------------------
     0 | D:1      | Hubris850 the Draconian Fire Elementalist began the quest
                  | for the Orb.
     0 | D:1      | Reached XP level 1. HP: 14/14 MP: 3/3
   515 | D:1      | Reached XP level 2. HP: 20/20 MP: 3/5
   541 | D:1      | Learned a level 2 spell: Scorch
  1148 | D:2      | Reached XP level 3. HP: 26/26 MP: 0/6
  1154 | D:2      | Found a faded altar of an unknown god.
  1189 | D:2      | Prayed at the altar of an unknown god.
  1189 | D:2      | Became a worshipper of Ashenzari the Shackled
  1821 | D:3      | Learned a level 3 spell: Kindle Blastsparks
  2004 | D:3      | Reached skill level 1 in Short Blades
  2216 | D:3      | Reached XP level 4. HP: 31/33 MP: 7/7
  2423 | D:3      | Noticed Robin
  2463 | D:3      | Killed from afar by Robin

Illustrated notes

Levels and vault maps discovered:
D:1:      psy_arrival_conway, layout_basic, serial_glass, glass_columns_c,
          glass_columns_a, feat_on_display, minmay_misc_feat_room
D:2:      layout_loops_ring, hellmonk_ecumenical_altar_lost_god
D:3:      layout_loops_cross, small_statue_alley_b, uniq_robin

Skill      XL: |  1  2  3 |
---------------+----------+-----
Stealth        | 2 |  2.4
Dodging        | 2 |  2.3
Short Blades   | 1 |  1.0
Spellcasting   | |  2.5
Conjurations   | |  1.9
Fire Magic     | |  3.4

Action                   |  1- 3 |  4- 6 || total
-------------------------+-------+-------++-------
Melee: Short sword       |    40 |    50 ||    90
       Unarmed           |     1 |       ||     1
       Tailslap          |     4 |     7 ||    11
       Punch             |     1 |       ||     1
 Cast: Foxfire           |    35 |     2 ||    37
       Scorch            |     3 |       ||     3
       Kindle Blastspark |       |     1 ||     1
Invok: Curse Item        |     1 |       ||     1
 Stab: Sleeping          |     1 |     2 ||     3
Armor: Skin              |    14 |    15 ||    29
Dodge: Dodged            |    33 |    31 ||    64
Block: Other             |     3 |    10 ||    13

Table legend: (Time is in decaauts)
 A = Elapsed time spent in this place.
 B = Non-inter-level travel time spent in this place.
 C = Inter-level travel time spent in this place.
 D = Time resting spent in this place.
 E = Time spent auto-exploring this place.
 F = Levels seen in this place.
 G = Mean time per level.
                   A        B        C        D        E       F      G
               +--------+--------+--------+--------+--------+-----+--------+
         Total |   2462 |   2391 |     71 |     80 |   1912 |   3 |  820.7 |
       Dungeon |   2462 |   2391 |     71 |     80 |   1912 |   3 |  820.7 |
               +--------+--------+--------+--------+--------+-----+--------+

Top non-repeatable levels by time:
     D:1: 1002 daAuts
     D:2: 809 daAuts
     D:3: 649 daAuts
